 Dungeon Crawl Stone Soup version 0.17.0-24-gcfadda4 (webtiles) character file.

426 MDvedh the Cudgeler (level 7, 0/52 HPs)
             Began as a Formicid Fighter on Nov 16, 2015.
             Slain by an ogre
             ... wielding a +0 giant club
              (12 damage)
             ... on level 6 of the Dungeon.
             The game lasted 00:05:04 (3345 turns).

MDvedh the Cudgeler (Formicid Fighter)              Turns: 3345, Time: 00:05:04

Health: 0/52       AC:  8    Str: 21    XL:     7   Next: 18%
Magic:  7/7        EV:  7    Int:  7    God:
Gold:   240        SH:  9    Dex: 12    Spells: 0 memorised, 6 levels left

rFire  . . .     SeeInvis +     a - +0 flail
rCold  . . .     Clarity  .     b - +0 scale mail
rNeg   . . .     SustAt   .     c - +0 shield
rPois  .         Gourm    .     (helmet unavailable)
rElec  .         Spirit   .     n - +0 cloak (curse)
rCorr  .         Warding  .     (no gloves)
rMut   .         Stasis   +     (no boots)
MR     .....                    m - amulet of inaccuracy
Stlth  ..........               (no ring)
                                (no ring)

@: not resistant to hostile enchantments, extremely unstealthy
A: permanent stasis, dig shafts and tunnels, four strong arms, antennae 3
a: Dig, Shaft Self


You were on level 6 of the Dungeon.
You were hungry.

You visited 1 branch of the dungeon, and saw 4 of its levels.

You collected 240 gold pieces.

Inventory:

Hand Weapons
 a - a +0 flail (weapon)
Armour
 b - a +0 scale mail (worn)
 c - a +0 shield (worn)
 n - a cursed +0 cloak (worn)
Jewellery
 j - an uncursed ring of loudness
 m - an amulet of inaccuracy (around neck)
Wands
 d - a wand of random effects (12)
Scrolls
 f - 4 scrolls of teleportation {unknown}
 g - a scroll of noise {unknown}
 h - a scroll of recharging
 i - a scroll of remove curse
 k - 2 scrolls of magic mapping {unknown}
 o - a scroll of fear {unknown}
 r - a scroll of torment {unknown}
 t - a scroll of vulnerability {unknown}
 u - a scroll of enchant armour {unknown}
Potions
 l - 4 potions of curing
 q - a potion of haste {unknown}
Books
 v - a book of Necromancy

   Spells                             Type                      Level
   a - Pain                           Necromancy                   1
   b - Animate Skeleton               Necromancy                   1
   c - Vampiric Draining              Necromancy                   3
   d - Regeneration                   Charms/Necromancy            3
   e - Animate Dead                   Necromancy                   4
   f - Control Undead                 Necromancy                   4
Comestibles
 e - 3 bread rations
 p - a royal jelly
 s - a meat ration


   Skills:
 - Level 3.2 Fighting
 + Level 7.2 Maces & Flails
 - Level 3.2 Armour
 - Level 3.6 Shields


You had 6 spell levels left.
You didn't know any spells.

Dungeon Overview and Level Annotations

Branches:
Dungeon (6/15)
 Temple: D:4-7

Altars:
Cheibriados
Fedhas
The Shining One


Innate Abilities, Weirdness & Mutations

You are under a permanent stasis effect.
You can dig through walls and to a lower floor.
Your four strong arms can wield two-handed weapons with a shield.
You have a pair of large antennae on your head (SInv).


Message History

The ogre is moderately wounded.
The ogre hits you with a giant club!
You closely miss the ogre.
The ogre is moderately wounded.
The ogre barely misses you.
You closely miss the ogre.
The ogre is moderately wounded.
The ogre hits you with a giant club!
* * * LOW HITPOINT WARNING * * *
You are too injured to fight recklessly!
You are too injured to fight recklessly!
Drink which item? (? for menu, Esc to quit)
Okay, then.
Drink which item? (? for menu, Esc to quit)
Okay, then.
Are you sure you want to shaft yourself?
You feel somewhat more hungry. You block the ogre's attack.
You begin to dig a shaft.
You continue digging a shaft.
The ogre hits you with a giant club!
You die...

#....##.# #.. #.......#
#.. #.....### #..
#.....# ###
##+#..#################
#............^........
#.....................
#.....################
#>...@#...............
##...O#..#############
#....#..#....†)......
#....#..#..###)#####.
#....#..#..#.......#.
#....#..'..#.......#.
.....#..#..#.......#.
##....#..#..#.......#.
#..#..#.......#.


You could see an ogre.

Vanquished Creatures
  Sigmund (D:3)
  A giant frog (D:6)
  A hound (D:6)
  A worker ant (D:6)
  A hound skeleton (D:6)
  A worker ant zombie (D:6)
  6 adders
  2 oozes
  4 worms
  2 giant geckos
  5 orcs (D:6)
  7 bats
  A giant cockroach (D:3)
  4 hobgoblins
  A ball python (D:3)
  7 goblins
  6 jackals
  8 kobolds
  4 rats (D:2)
63 creatures vanquished.

Vanquished Creatures (others)
  The ghost of emiel the Chopper, a novice DDVM (D:6)
1 creature vanquished.

Grand Total: 64 creatures vanquished

Notes
Turn   | Place    | Note
--------------------------------------------------------------
     0 | D:1      | MDvedh the Formicid Fighter began the quest for the Orb.
     0 | D:1      | Reached XP level 1. HP: 18/18 MP: 1/1
   294 | D:1      | Reached XP level 2. HP: 24/24 MP: 2/2
   444 | D:1      | Reached XP level 3. HP: 26/29 MP: 3/3
   827 | D:2      | Found a blossoming altar of Fedhas.
  1371 | D:2      | Found a glowing golden altar of the Shining One.
  1373 | D:2      | Found a faded altar to an unknown god.
  1474 | D:2      | Reached XP level 4. HP: 30/35 MP: 4/4
  1475 | D:2      | Reached skill level 4 in Maces & Flails
  1746 | D:3      | HP: 1/35 [adder (2)]
  2066 | D:3      | Noticed Sigmund
  2106 | D:3      | Killed Sigmund
  2106 | D:3      | Reached skill level 6 in Maces & Flails
  2106 | D:3      | Reached XP level 5. HP: 28/41 MP: 5/5
  2106 | D:3      | Reached XP level 6. HP: 32/47 MP: 6/6
  2663 | D:3      | You fall through a shaft for 3 floors!
  2705 | D:6      | Noticed emiel's ghost (novice DDVM)
  2949 | D:6      | Found a snail-covered altar of Cheibriados.
  3017 | D:6      | Reached skill level 7 in Maces & Flails
  3017 | D:6      | Reached XP level 7. HP: 35/52 MP: 7/7
  3064 | D:6      | Killed emiel's ghost
  3345 | D:6      | Slain by an ogre

Action                   |  1- 3 |  4- 6 |  7- 9 || total
-------------------------+-------+-------+-------++-------
Melee: Flail             |   132 |   209 |    33 ||   374
 Abil: Shaft Self        |       |       |     1 ||     1
  Use: Scroll            |     3 |       |       ||     3
       Potion            |       |     4 |       ||     4
  Eat: Chunk             |     2 |     5 |     1 ||     8
